 Dungeon Crawl Stone Soup version 0.29.1-13-g9f3cf754e1 (webtiles) character file.

Game seed: 6413943362079096053

171 zlionsfan the Sneak (level 5, -12/28 HPs)
             Began as a Vine Stalker Delver on Jan 20, 2023.
             Was a Believer of Cheibriados.
             Mangled by an ogre
             ... wielding a +0 giant spiked club
              (19 damage)
             ... on level 3 of the Dungeon.
             The game lasted 00:06:39 (2022 turns).

zlionsfan the Sneak (Vine Stalker Delver)           Turns: 2022, Time: 00:06:39

Health: -12/28     AC: 11    Str: 22    XL:     5   Next: 51%
Magic:  0/6        EV:  8    Int: 15    God:    Cheibriados [**....]
Gold:   210        SH:  0    Dex: 20    Spells: 4/4 levels left

rFire   . . .      SeeInvis .   j - +6 whip of Deki {freeze, rCorr}
rCold   . . .      Faith    .   (no shield)
rNeg    . . .      Spirit   +   w - +0 chain mail
rPois   .          Reflect  .   (no helmet)
rElec   .          Harm     .   l - +0 cloak
rCorr   +          Rampage  .   i - +0 pair of gloves
Will    .....                   q - +0 pair of boots
Stlth   +.........              k - amulet of the acrobat
HPRegen 0.89/turn               (no ring)
MPRegen 0.10/turn               (no ring)

@: very slow
A: fangs 2, regeneration 1, magic shield, antimagic bite, no potion heal 2
a: Renounce Religion, Bend Time


You were on level 3 of the Dungeon.
You worshipped Cheibriados.
Cheibriados was pleased with you.
You visited 1 branch of the dungeon, and saw 5 of its levels.

You collected 210 gold pieces.

Inventory:

Hand Weapons
 j - the +6 whip of Deki (weapon) {freeze, rCorr}
   (You found it on level 4 of the Dungeon)

   It freezes those it strikes, dealing additional cold damage.
   It can also slow down cold-blooded creatures.
   rCorr:     It protects you from acid and corrosion.
Armour
 i - a +0 pair of gloves (worn)
 l - a +0 cloak (worn)
 q - a +0 pair of boots (worn)
 w - a +0 chain mail (worn)
Jewellery
 k - an amulet of the acrobat (around neck)
 o - a ring of fire
Wands
 g - a wand of digging (7)
Scrolls
 b - 3 scrolls of immolation {unknown}
 c - 2 scrolls of fog
 d - a scroll of magic mapping
 e - a scroll of fear
 n - 6 scrolls of teleportation
 p - a scroll of vulnerability {unknown}
 r - 3 scrolls of identify {unknown}
 t - a scroll of blinking {unknown}
 u - a scroll of poison {unknown}
Potions
 h - a potion of cancellation {unknown}
 m - a potion of attraction {unknown}
 s - 2 potions of might {unknown}
 v - a potion of degeneration {unknown}


   Skills:
 * Level 3.0 Fighting
 + Level 2.0(2.5) Axes
 * Level 2.3(2.7) Maces & Flails
 + Level 0.5 Armour
 + Level 1.7 Dodging
 + Level 7.7 Stealth


You had 4 spell levels left.
You didn't know any spells.
Your spell library contained the following spells:

 Spells                   Type           Power      Damage    Failure   Level
 Necrotise                Necr           0%         1d4       95%         1
 Frozen Ramparts          Ice            0%         1d1       100%        3
 Vampiric Draining        Necr           0%         2d6       100%        3
 Ice Form                 Ice/Tmut       0%         N/A       100%        4
 Leda's Liquefaction      Hex/Erth       0%         N/A       100%        4
 Summon Ice Beast         Ice/Summ       0%         N/A       100%        4
 Agony                    Necr           0%         N/A       100%        5
 Lee's Rapid Deconstruct  Erth           0%         3d5*      100%        5
 Statue Form              Tmut/Erth      0%         N/A       100%        6


Dungeon Overview and Level Annotations

Branches:
Dungeon (5/15)
 Temple: D:4-7

Altars:
Cheibriados

Shops:
D:4 [


Innate Abilities, Weirdness & Mutations

You have extremely sharp teeth.
Your natural rate of healing is unusually fast.
When hurt, damage is shared between your health and your magic reserves.
Your bite disrupts and absorbs the magic of your enemies.
Potions cannot restore your health.


Message History

An adder comes into view.
The adder misses you. The adder closely misses you.
You barely miss the adder. The adder bites you but does no damage.
You hit the adder. You freeze the adder.
The adder is heavily wounded.
The adder bites you but does no damage. The adder bites you.
You closely miss the adder. You bite the adder, but do no damage.
The adder is heavily wounded.
The adder bites you but does no damage.
You barely miss the adder. Your bite misses the adder.
The adder is moderately wounded.
The adder barely misses you.
You whack the adder!
The adder seems to slow down.
You freeze the adder.
You kill the adder!
Cheibriados appreciates the change of pace.
Cheibriados raises the support of your attributes as your movement slows.
You see here an adder corpse.
The ogre shouts!
You hear an angry hiss.
You drop 3 potions of haste.
You drop a +0 hand axe.
You hit the ogre. You freeze the ogre.
The ogre is lightly wounded.
The ogre hits you with a +0 giant spiked club!
You barely miss the ogre.
The ogre is lightly wounded.
The ogre hits you with a +0 giant spiked club!
You hit the ogre. You freeze the ogre.
The ogre is lightly wounded.
You hit the ogre. You freeze the ogre.
The ogre is heavily wounded.
The ogre hits you with a +0 giant spiked club!!
Ouch! That really hurt!
* * * LOW HITPOINT WARNING * * *
You whack the ogre! You freeze the ogre. Your bite misses the ogre.
The ogre is severely wounded.
You hit the ogre. You freeze the ogre.
The ogre is almost dead.
The ogre hits you with a +0 giant spiked club!!
Ouch! That really hurt!
You die...

#>..# #.###########.....
#...######### . #.##.#
#...#.......# .# ######.##..
####...#...###.#
###......###.
........###....#
##.#.......... ........#
#....# #........####.
).......###...... ##.#.....#
#.
##..........##..#####.#.....#
#.
#.#...#........@.....#######
#. #.#...#.######O####### #.
#.#...#.# #. ##
#.#...#.######.##
#.......#.......# ###.......#
.#!. #..###..####..#
####..........##.#
.......##..##.##.#


You could see an ogre.

Vanquished Creatures
  Jessica (D:2)
  Terence (D:2)
  5 adders
  2 worms (D:2)
  A dart slug (D:2)
  4 orcs (D:4)
  4 ball pythons
  6 bats
  6 endoplasms
  3 giant cockroaches
  7 goblins
  6 hobgoblins
  A jackal (D:2)
  2 quokkas
  4 frilled lizards
  6 kobolds
  2 rats (D:2)
61 creatures vanquished.

Notes
Turn   | Place    | Note
-------+----------+-------------------------------------------
     0 | D:5      | zlionsfan the Vine Stalker Delver began the quest for the
                  | Orb.
     0 | D:5      | Reached XP level 1. HP: 11/11 MP: 2/2
   106 | D:4      | Identified the +6 whip of Deki {freeze, rCorr}
   111 | D:4      | Found a snail-covered altar of Cheibriados.
   134 | D:4      | Became a worshipper of Cheibriados the Contemplative
   272 | D:4      | Reached XP level 2. HP: 16/16 MP: 3/3
   323 | D:4      | Found Lami's Armour Shop.
   501 | D:3      | Reached XP level 3. HP: 18/19 MP: 4/4
   592 | D:3      | Reached skill level 7 in Stealth
   640 | D:3      | Noticed an ogre
   789 | D:1      | Reached * piety under Cheibriados
   974 | D:1      | You fall into a shaft and drop 1 floor!
  1434 | D:2      | Gained mutation: Your natural rate of healing is unusually
                  | fast. [Vine Stalker growth]
  1434 | D:2      | Reached XP level 4. HP: 24/24 MP: 5/5
  1546 | D:2      | Noticed Jessica
  1550 | D:2      | Killed Jessica
  1551 | D:2      | Reached skill level 1 in Maces & Flails
  1647 | D:2      | Noticed Terence
  1657 | D:2      | Killed Terence
  1657 | D:2      | Reached ** piety under Cheibriados
  1658 | D:2      | Reached XP level 5. HP: 28/28 MP: 6/6
  2022 | D:3      | Mangled by an ogre

Illustrated notes

Levels and vault maps discovered:
D:1:      psy_arrival_basics, layout_basic
D:2:      cheibrodos_helix_gallery, layout_rooms, minmay_pentomino_pile,
          uniq_terence, uniq_jessica
D:3:      layout_loops_cross, minmay_strange_pillars, nrook_loot_triangle
D:4:      layout_loops_ring, mainiacjoe_overflow_chevrons, serial_shops,
          nicolae_shop_waterfront
D:5:      layout_cave_pools, mainiacjoe_overflow_boulevard, doesnt_xom_only_xom,
          serial_gnoll_camp, gnoll_camp_huts_moat, gnoll_camp_medium_02,
          gnoll_camp_mini_loothouse, gnoll_camp_mini_hut,
          hangedman_abyss_or_decor_stabs

Skill      XL: |  1  2  3  4 |
---------------+-------------+-----
Axes           | 2 |  2.0
Stealth        | 7 |  7.7
Fighting       | 3 |  3.0
Maces & Flails | 2 |  2.3
Armour         | |  0.5
Dodging        | |  1.7

Action                   |  1- 3 |  4- 6 || total
-------------------------+-------+-------++-------
Melee: Whip              |    52 |    63 ||   115
       Bite              |    10 |     8 ||    18
  Use: Scroll            |       |     1 ||     1
 Stab: Sleeping          |     4 |     2 ||     6
Armor: Scale mail        |    19 |    14 ||    33
       Chain mail        |       |    11 ||    11
Dodge: Dodged            |    31 |    30 ||    61
